Rangers vs Bruins
(R1)
Created - 8 novembre 2013 at 19:01
Goals
|
| Rangers |
0 |
1 |
2 |
3 |
| Bruins |
0 |
2 |
3 |
5 |
|
Shots
|
| Rangers |
10 |
15 |
9 |
34 |
| Bruins |
10 |
9 |
11 |
30 |
|
1st period
No Goal
Penalties :
Éric Perrin (Bos) for Interference (Minor) at 3:31, Kyle McLaren (NYR) for Cross-checking (Minor) at 16:17
2nd period
1. Bruins , Daniel Briere 8 (Eric Lindros, Wojtek Wolski) at 7:50
2. Bruins , Matt Cooke 3 (Christoph Schubert) at 11:44
3. Rangers , Milan Lucic 4 (Brad Richards) at 13:20
Penalties :
Brad Richards (NYR) for Cross-checking (Minor) at 0:14, Wojtek Wolski (Bos) for Interference (Minor) at 3:47, Daniel Briere (Bos) for Hooking (Minor) at 7:53, Eric Lindros (Bos) for Holding (Minor) at 12:58, Valtteri Filppula (NYR) for Hooking (Minor) at 12:58
3rd period
4. Bruins , Vitali Yachmenev 2 (Eric Lindros, Zdeno Chara) at 1:06
5. Rangers , Milan Lucic 5 (Brad Richards, Kimmo Timonen) at 8:27
6. Bruins , Scott Hartnell 3 (Daniel Briere, Andrew Alberts) at 8:58
7. Bruins , Wojtek Wolski 7 (Eric Lindros) at 9:08
8. Rangers , Dustin Brown 3 (Patrice Bergeron) at 14:25
Penalties :
Wojtek Wolski (Bos) for Charging (Minor) at 0:58, Kimmo Timonen (NYR) for Hooking (Minor) at 0:58, Dustin Brown (NYR) for Roughing (Minor) at 4:07, Matt Cooke (Bos) for Holding (Minor) at 7:56, Valtteri Filppula (NYR) for Roughing (Minor) at 7:56, Patrick Sharp (NYR) for Hooking (Minor) at 11:54, Michal Grosek (Bos) for High sticking (Double Minor) at 15:20
Goalie Stats
Henrik Lundqvist (NYR), 25 saves from 30 shots - (0,833), L, 2-4-1, 60:00 minutes
Evgeni Nabokov (Bos), 31 saves from 34 shots - (0,912), W, 7-1-0, 60:00 minutes
Players Stats for Rangers
Player Name G A P +/- PIM S H SB GA TA FO MP PP MP PK MP
------------------------------------------------------------------------------------
Alexandre Burrows 0 0 0 0 0 1 2 0 0 1 0/1 11:49 0:40 1:32
Brad Richards 0 2 2 -1 2 4 1 1 0 0 21/36 24:31 4:53 3:16
Brent Seabrook 0 0 0 1 0 4 1 0 1 0 0/0 21:06 4:05 3:09
Bryan Berard 0 0 0 1 0 2 0 3 0 1 0/0 21:06 4:05 3:09
Byron Ritchie 0 0 0 0 0 1 0 0 0 1 1/2 6:42 0:00 1:03
Cam Barker 0 0 0 -3 0 1 2 1 1 1 0/0 28:53 5:51 4:47
Drew Stafford 0 0 0 0 0 0 0 1 0 0 0/0 10:10 0:40 0:00
Dustin Brown 1 0 1 0 2 3 2 0 0 0 0/0 13:58 4:23 0:00
Jaroslav Balastik 0 0 0 0 0 0 0 0 1 0 0/0 5:39 0:00 0:00
Johan Franzen 0 0 0 -2 0 2 2 0 1 0 1/2 17:33 4:53 2:01
Kimmo Timonen 0 1 1 -2 2 3 2 2 0 2 0/0 28:16 5:51 4:47
Kyle McLaren 0 0 0 -1 2 0 0 0 0 0 0/0 11:29 0:00 0:00
Matt Greene 0 0 0 0 0 0 0 0 0 0 0/0 10:01 0:00 0:00
Matt Read 0 0 0 0 0 0 1 0 0 0 0/0 6:20 0:40 0:00
Milan Lucic 2 0 2 -1 0 8 6 2 2 1 1/3 25:37 4:53 4:23
Patrice Bergeron 0 1 1 0 0 2 1 1 0 1 7/11 13:55 4:23 0:13
Patrick Sharp 0 0 0 -1 2 2 1 0 1 0 0/2 16:18 4:23 1:25
Valtteri Filppula 0 0 0 0 4 1 1 1 0 0 3/5 12:37 0:00 1:59
Players Stats for Bruins
Player Name G A P +/- PIM S H SB GA TA FO MP PP MP PK MP
------------------------------------------------------------------------------------
Andrew Alberts 0 1 1 2 0 0 0 0 0 1 0/0 29:45 4:51 5:36
Christoph Schubert 0 1 1 0 0 3 0 0 0 1 0/0 19:58 3:05 4:06
Daniel Briere 1 1 2 2 2 7 0 0 1 0 0/0 16:42 4:41 1:26
Dave Bolland 0 0 0 0 0 1 0 0 3 0 4/4 11:01 0:00 1:52
Eric Lindros 0 3 3 2 2 3 2 0 0 0 16/35 25:44 4:41 5:14
Éric Perrin 0 0 0 0 2 0 1 0 0 0 0/2 7:12 0:00 0:01
Jeff Carter 0 0 0 0 0 0 3 0 0 0 3/6 12:44 3:15 0:00
Mark Stuart 0 0 0 0 0 1 1 0 0 0 0/0 16:19 0:00 5:36
Martin Erat 0 0 0 0 0 0 0 0 0 0 0/0 6:23 0:00 0:00
Matt Cooke 1 0 1 0 2 4 1 0 1 1 0/4 16:19 0:05 4:29
Michal Grosek 0 0 0 0 4 0 1 1 0 1 0/1 10:24 0:00 2:24
Richard Lintner 0 0 0 0 0 1 0 0 0 0 0/0 8:16 0:00 0:23
Ryan O'Byrne 0 0 0 0 0 0 0 0 1 2 0/0 21:59 3:05 3:57
Scott Hartnell 1 0 1 1 0 1 0 0 0 0 0/0 14:47 3:15 0:45
Victor Oreskovich 0 0 0 0 0 1 1 0 1 0 0/0 9:03 0:00 0:00
Vitali Yachmenev 1 0 1 0 0 1 0 0 0 0 4/6 11:54 3:10 0:00
Wojtek Wolski 1 1 2 0 4 6 1 0 1 1 1/4 21:47 4:41 3:41
Zdeno Chara 0 1 1 2 0 1 1 0 0 0 0/0 23:43 4:51 0:14
3 Stars
1 - Milan Lucic (NYR)
2 - Eric Lindros (Bos)
3 - Daniel Briere (Bos)
Power Play
Rangers - 0 on 5 Attempt(s) - 0,00%
Bruins - 0 on 4 Attempt(s) - 0,00%
Penalty Kill
Rangers - 4 on 4 Attempt(s) - 100,00%
- Score 0 goal in Penalty Kill
Bruins - 5 on 5 Attempt(s) - 100,00%
- Score 0 goal in Penalty Kill
Official
Referees : Rooney Chris and Walkom Stephen
Linesman : Jonny Murray and Shane Heyer
Game Notes
No Game Note
Finance
Level 1 -- Attendance: 4463 (74,38%) -- Ticket Income 441 837 $
Level 2 -- Attendance: 3228 (64,56%) -- Ticket Income 190 452 $
Level 3 -- Attendance: 1783 (89,15%) -- Ticket Income 51 707 $
Level 4 -- Attendance: 3562 (89,05%) -- Ticket Income 67 678 $
Luxury Box -- Attendance: 688 (68,80%) -- Ticket Income 130 032 $
Game was played at the TD Banknorth Garden
Total Attendance: 13724 (76,24%)
Total Ticket Income: 881 706 $
Other Income: 132 256 $
Total Income: 1 013 962 $
Rangers
5 vs 5 Forward
Center Left Wing Right Wing Time % Phy DF OF
1 Brad Richards Milan Lucic Johan Franzen 40 1 2 2
2 Patrice Bergeron Patrick Sharp Dustin Brown 30 1 2 2
3 Valtteri Filppula Alexandre Burrows Drew Stafford 20 1 2 2
4 Byron Ritchie Jaroslav Balastik Matt Read 10 1 2 2
5 vs 5 Defense
Defense Defense Time % Phy DF OF
1 Cam Barker Kimmo Timonen 40 1 2 2
2 Brent Seabrook Bryan Berard 30 1 2 2
3 Kyle McLaren Matt Greene 20 1 2 2
4 Cam Barker Kimmo Timonen 10 1 2 2
PowerPlay Forward
Center Left Wing Right Wing Time % Phy DF OF
1 Brad Richards Milan Lucic Johan Franzen 60 1 1 3
2 Patrice Bergeron Patrick Sharp Dustin Brown 40 1 1 3
PowerPlay Defense
Defense Defense Time % Phy DF OF
1 Cam Barker Kimmo Timonen 60 1 1 3
2 Brent Seabrook Bryan Berard 40 1 2 2
Penalty Kill 4 Players Forward
Center Wing Time % Phy DF OF
1 Brad Richards Milan Lucic 60 1 3 1
2 Johan Franzen Patrick Sharp 40 1 3 1
Penalty Kill 4 Players Defense
Defense Defense Time % Phy DF OF
1 Cam Barker Kimmo Timonen 60 1 3 1
2 Brent Seabrook Bryan Berard 40 1 3 1
Penalty Kill - 3 Players Forward
Forward Time % Phy DF OF
1 Brad Richards 60 1 3 1
2 Milan Lucic 40 1 3 1
Penalty Kill - 3 Players Defense
Defense Defense Time % Phy DF OF
1 Cam Barker Kimmo Timonen 60 1 3 1
2 Brent Seabrook Bryan Berard 40 1 3 1
4 vs 4 Forward
Center Wing Time % Phy DF OF
1 Brad Richards Milan Lucic 60 1 2 2
2 Johan Franzen Patrick Sharp 40 1 2 2
4 vs 4 Defense
Defense Defense Time % Phy DF OF
1 Cam Barker Kimmo Timonen 60 1 2 2
2 Brent Seabrook Bryan Berard 40 1 2 2
Last Minutes Offensive
Center Left Wing Right Wing Defense Defense
Brad Richards Milan Lucic Johan Franzen Cam Barker Kimmo Timonen
Last Minutes Defensive
Center Left Wing Right Wing Defense Defense
Brad Richards Milan Lucic Johan Franzen Cam Barker Kimmo Timonen
Goaltenders
Starting : Henrik Lundqvist
Backup : Hannu Toivonen
Extra Forwards
Normal : Alexandre Burrows, Drew Stafford, Valtteri Filppula - PP : Alexandre Burrows, Drew Stafford - PK : Valtteri Filppula
Extra Defensemen
Normal : Kyle McLaren, Matt Greene, Brent Seabrook - PP : Kyle McLaren - PK : Matt Greene, Brent Seabrook
Penalty Shots
Brad Richards, Milan Lucic, Johan Franzen, Patrick Sharp, Patrice Bergeron
Bruins
5 vs 5 Forward
Center Left Wing Right Wing Time % Phy DF OF
1 Eric Lindros Wojtek Wolski Daniel Briere 40 1 2 2
2 Jeff Carter Scott Hartnell Victor Oreskovich 30 1 2 2
3 Dave Bolland Matt Cooke Vitali Yachmenev 20 1 2 2
4 Éric Perrin Michal Grosek Martin Erat 10 1 2 2
5 vs 5 Defense
Defense Defense Time % Phy DF OF
1 Zdeno Chara Andrew Alberts 40 1 2 2
2 Ryan O'Byrne Mark Stuart 30 1 2 2
3 Richard Lintner Christoph Schubert 20 1 2 2
4 Zdeno Chara Andrew Alberts 10 1 2 2
PowerPlay Forward
Center Left Wing Right Wing Time % Phy DF OF
1 Eric Lindros Wojtek Wolski Daniel Briere 60 1 2 2
2 Jeff Carter Scott Hartnell Vitali Yachmenev 40 1 2 2
PowerPlay Defense
Defense Defense Time % Phy DF OF
1 Zdeno Chara Andrew Alberts 60 1 2 2
2 Ryan O'Byrne Christoph Schubert 40 1 2 2
Penalty Kill 4 Players Forward
Center Wing Time % Phy DF OF
1 Eric Lindros Wojtek Wolski 60 1 2 2
2 Daniel Briere Matt Cooke 40 1 2 2
Penalty Kill 4 Players Defense
Defense Defense Time % Phy DF OF
1 Mark Stuart Andrew Alberts 60 1 2 2
2 Ryan O'Byrne Christoph Schubert 40 1 2 2
Penalty Kill - 3 Players Forward
Forward Time % Phy DF OF
1 Matt Cooke 60 1 2 2
2 Wojtek Wolski 40 1 2 2
Penalty Kill - 3 Players Defense
Defense Defense Time % Phy DF OF
1 Mark Stuart Andrew Alberts 60 1 2 2
2 Ryan O'Byrne Christoph Schubert 40 1 2 2
4 vs 4 Forward
Center Wing Time % Phy DF OF
1 Eric Lindros Wojtek Wolski 60 1 2 2
2 Daniel Briere Scott Hartnell 40 1 2 2
4 vs 4 Defense
Defense Defense Time % Phy DF OF
1 Zdeno Chara Andrew Alberts 60 1 2 2
2 Ryan O'Byrne Christoph Schubert 40 1 2 2
Last Minutes Offensive
Center Left Wing Right Wing Defense Defense
Eric Lindros Wojtek Wolski Daniel Briere Zdeno Chara Richard Lintner
Last Minutes Defensive
Center Left Wing Right Wing Defense Defense
Eric Lindros Wojtek Wolski Daniel Briere Ryan O'Byrne Mark Stuart
Goaltenders
Starting : Evgeni Nabokov
Backup : Dan Cloutier
Extra Forwards
Normal : Vitali Yachmenev, Matt Cooke, Michal Grosek - PP : Vitali Yachmenev, Matt Cooke - PK : Michal Grosek
Extra Defensemen
Normal : Richard Lintner, Mark Stuart, Ryan O'Byrne - PP : Richard Lintner - PK : Mark Stuart, Ryan O'Byrne
Penalty Shots
Eric Lindros, Wojtek Wolski, Daniel Briere, Jeff Carter, Zdeno Chara
% Time on Ice - Rangers
Lines # - Real PCT - Wanted PCT - Time Play
Normal Forward
1 - 38% - 40% - 13:40
2 - 27% - 30% - 9:43
3 - 20% - 20% - 7:19
4 - 15% - 10% - 5:29
Normal Defense
1 - 37% - 40% - 13:14
2 - 34% - 30% - 12:17
3 - 28% - 20% - 10:01
4 - 2% - 10% - 0:39
PP Forward
1 - 56% - 60% - 5:33
2 - 44% - 40% - 4:23
PP Defense
1 - 59% - 60% - 5:51
2 - 41% - 40% - 4:05
PK Forward
1 - 75% - 60% - 5:55
2 - 25% - 40% - 2:01
PK Defense
1 - 60% - 60% - 4:47
2 - 40% - 40% - 3:09
PK3 Forward
1 - 0% - 60%
2 - 0% - 40%
PK3 Defense
1 - 0% - 60%
2 - 0% - 40%
44 Forward
1 - 80% - 60% - 4:47
2 - 20% - 40% - 1:10
44 Defense
1 - 73% - 60% - 4:22
2 - 27% - 40% - 1:35
Last Minute Offensive - 0:00
Last Minute Defensive - 0:00
Total
Forward - 60:00
Defense - 60:00
|
% Time on Ice - Bruins
Lines # - Real PCT - Wanted PCT - Time Play
Normal Forward
1 - 37% - 40% - 13:21
2 - 29% - 30% - 10:30
3 - 16% - 20% - 5:57
4 - 18% - 10% - 6:23
Normal Defense
1 - 43% - 40% - 15:37
2 - 35% - 30% - 12:49
3 - 19% - 20% - 6:44
4 - 3% - 10% - 1:01
PP Forward
1 - 59% - 60% - 4:41
2 - 41% - 40% - 3:15
PP Defense
1 - 61% - 60% - 4:51
2 - 39% - 40% - 3:05
PK Forward
1 - 75% - 60% - 7:29
2 - 25% - 40% - 2:27
PK Defense
1 - 60% - 60% - 5:59
2 - 40% - 40% - 3:57
PK3 Forward
1 - 0% - 60%
2 - 0% - 40%
PK3 Defense
1 - 0% - 60%
2 - 0% - 40%
44 Forward
1 - 92% - 60% - 5:30
2 - 8% - 40% - 0:27
44 Defense
1 - 64% - 60% - 3:49
2 - 36% - 40% - 2:08
Last Minute Offensive - 0:00
Last Minute Defensive - 0:00
Total
Forward - 60:00
Defense - 60:00
|
Play by Play
1st period
0:01 of 1st period - Eric Lindros wins face-off versus Brad Richards in neutral zone.
1:16 of 1st period - Wrist shot by Jaroslav Balastik.
1:16 of 1st period - Deflect By Byron Ritchie.
1:16 of 1st period - Stopped by Evgeni Nabokov with a rebound.
1:18 of 1st period - Snap shot by Matt Read.
1:18 of 1st period - Shot Misses the Net.
1:20 of 1st period - Snap shot by Jaroslav Balastik.
1:20 of 1st period - Shot Misses the Net.
1:24 of 1st period - Slapshot by Kimmo Timonen.
1:24 of 1st period - Shot Blocked by Michal Grosek.
2:06 of 1st period - Snap shot by Dustin Brown.
2:06 of 1st period - Shot Misses the Net.
2:08 of 1st period - Slapshot by Bryan Berard.
2:08 of 1st period - Stopped by Evgeni Nabokov with a rebound.
2:53 of 1st period - Backhand shot by Dave Bolland.
2:53 of 1st period - Stopped by Henrik Lundqvist without a rebound.
2:54 of 1st period - Brad Richards wins face-off versus Eric Lindros in Rangers zone.
2:54 of 1st period - Brad Richards is hit by Eric Lindros.
3:31 of 1st period - Minor Penalty to Éric Perrin for Interference.
3:32 of 1st period - Eric Lindros wins face-off versus Brad Richards in Bruins zone.
3:46 of 1st period - Eric Lindros is hit by Milan Lucic and loses puck.
4:05 of 1st period - Eric Lindros is hit by Patrick Sharp and loses puck.
4:30 of 1st period - Mark Stuart is hit by Brent Seabrook and loses puck.
5:01 of 1st period - Ryan O'Byrne is hit by Milan Lucic and loses puck.
5:31 of 1st period - Penalty to Éric Perrin is over, Éric Perrin is back on ice.
6:22 of 1st period - Johan Franzen is hit by Matt Cooke and loses puck.
6:32 of 1st period - Icing by Matt Cooke.
6:33 of 1st period - Dave Bolland wins face-off versus Patrick Sharp in Bruins zone.
6:38 of 1st period - Wrist shot by Dustin Brown.
6:38 of 1st period - Stopped by Evgeni Nabokov with a rebound.
6:46 of 1st period - Slapshot by Victor Oreskovich.
6:46 of 1st period - Stopped by Henrik Lundqvist without a rebound.
6:47 of 1st period - Brad Richards wins face-off versus Matt Cooke in Rangers zone.
7:01 of 1st period - Off-side.
7:02 of 1st period - Eric Lindros wins face-off versus Patrick Sharp in neutral zone.
7:13 of 1st period - Zdeno Chara is hit by Kimmo Timonen and loses puck.
7:38 of 1st period - Snap shot by Kimmo Timonen.
7:38 of 1st period - Stopped by Evgeni Nabokov without a rebound.
7:39 of 1st period - Valtteri Filppula wins face-off versus Eric Lindros in Bruins zone.
7:46 of 1st period - Slapshot by Eric Lindros.
7:46 of 1st period - Shot Misses the Net.
7:48 of 1st period - Slapshot by Daniel Briere.
7:48 of 1st period - Deflect By Eric Lindros.
7:48 of 1st period - Shot Misses the Net.
7:48 of 1st period - Puck is out of play.
7:49 of 1st period - Eric Lindros wins face-off versus Valtteri Filppula in Rangers zone.
7:52 of 1st period - Wrist shot by Eric Lindros.
7:52 of 1st period - Shot Misses the Net.
8:00 of 1st period - Snap shot by Wojtek Wolski.
8:00 of 1st period - Stopped by Henrik Lundqvist without a rebound.
8:01 of 1st period - Brad Richards wins face-off versus Eric Lindros in Rangers zone.
8:01 of 1st period - Brad Richards is hit by Wojtek Wolski.
9:08 of 1st period - Backhand shot by Brent Seabrook.
9:08 of 1st period - Stopped by Evgeni Nabokov with a rebound.
9:10 of 1st period - Slapshot by Brent Seabrook.
9:10 of 1st period - Stopped by Evgeni Nabokov without a rebound.
9:11 of 1st period - Byron Ritchie wins face-off versus Éric Perrin in Bruins zone.
9:38 of 1st period - Matt Greene is hit by Mark Stuart and loses puck.
9:55 of 1st period - Wrist shot by Jeff Carter.
9:55 of 1st period - Shot Misses the Net.
9:57 of 1st period - Snap shot by Mark Stuart.
9:57 of 1st period - Stopped by Henrik Lundqvist with a rebound.
9:59 of 1st period - Slapshot by Mark Stuart.
9:59 of 1st period - Shot Misses the Net.
10:01 of 1st period - Slapshot by Ryan O'Byrne.
10:01 of 1st period - Shot Blocked by Patrice Bergeron.
10:17 of 1st period - Snap shot by Matt Cooke.
10:17 of 1st period - Stopped by Henrik Lundqvist with a rebound.
10:19 of 1st period - Wrist shot by Dave Bolland.
10:19 of 1st period - Shot Misses the Net.
10:21 of 1st period - Slapshot by Richard Lintner.
10:21 of 1st period - Stopped by Henrik Lundqvist without a rebound.
10:22 of 1st period - Dave Bolland wins face-off versus Valtteri Filppula in Rangers zone.
10:29 of 1st period - Snap shot by Matt Cooke.
10:29 of 1st period - Shot Misses the Net.
10:31 of 1st period - Slapshot by Andrew Alberts.
10:31 of 1st period - Shot Misses the Net.
10:49 of 1st period - Snap shot by Matt Cooke.
10:49 of 1st period - Shot Misses the Net.
10:51 of 1st period - Slapshot by Christoph Schubert.
10:51 of 1st period - Stopped by Henrik Lundqvist with a rebound.
10:53 of 1st period - Slapshot by Christoph Schubert.
10:53 of 1st period - Stopped by Henrik Lundqvist with a rebound.
10:55 of 1st period - Snap shot by Matt Cooke.
10:55 of 1st period - Stopped by Henrik Lundqvist with a rebound.
10:57 of 1st period - Slapshot by Christoph Schubert.
10:57 of 1st period - Deflect By Vitali Yachmenev.
10:57 of 1st period - Shot Misses the Net.
10:57 of 1st period - Puck is out of play.
10:58 of 1st period - Eric Lindros wins face-off versus Johan Franzen in Rangers zone.
11:25 of 1st period - Dustin Brown is hit by Zdeno Chara and loses puck.
11:32 of 1st period - Wrist shot by Patrick Sharp.
11:32 of 1st period - Shot Misses the Net.
11:52 of 1st period - Wrist shot by Martin Erat.
11:52 of 1st period - Shot Misses the Net.
12:46 of 1st period - Snap shot by Patrice Bergeron.
12:46 of 1st period - Shot Misses the Net.
12:48 of 1st period - Snap shot by Dustin Brown.
12:48 of 1st period - Stopped by Evgeni Nabokov with a rebound.
12:50 of 1st period - Snap shot by Patrick Sharp.
12:50 of 1st period - Stopped by Evgeni Nabokov without a rebound.
12:51 of 1st period - Brad Richards wins face-off versus Eric Lindros in Bruins zone.
13:22 of 1st period - Victor Oreskovich is hit by Dustin Brown.
13:40 of 1st period - Richard Lintner is hit by Alexandre Burrows and loses puck.
13:57 of 1st period - Slapshot by Johan Franzen.
13:57 of 1st period - Stopped by Evgeni Nabokov with a rebound.
13:59 of 1st period - Wrist shot by Brad Richards.
13:59 of 1st period - Stopped by Evgeni Nabokov without a rebound.
14:00 of 1st period - Eric Lindros wins face-off versus Brad Richards in Bruins zone.
15:48 of 1st period - Eric Lindros is hit by Milan Lucic and loses puck.
16:00 of 1st period - Off-side.
16:01 of 1st period - Jeff Carter wins face-off versus Patrice Bergeron in neutral zone.
16:17 of 1st period - Minor Penalty to Kyle McLaren for Cross-checking.
16:18 of 1st period - Brad Richards wins face-off versus Eric Lindros in Rangers zone.
17:15 of 1st period - Wrist shot by Daniel Briere.
17:15 of 1st period - Shot Misses the Net.
17:17 of 1st period - Snap shot by Wojtek Wolski.
17:17 of 1st period - Stopped by Henrik Lundqvist without a rebound.
17:18 of 1st period - Brad Richards wins face-off versus Jeff Carter in Rangers zone.
18:17 of 1st period - Penalty to Kyle McLaren is over, Kyle McLaren is back on ice.
19:20 of 1st period - Slapshot by Brent Seabrook.
19:20 of 1st period - Shot Misses the Net.
19:23 of 1st period - Icing by Dave Bolland.
19:24 of 1st period - Dave Bolland wins face-off versus Byron Ritchie in Bruins zone.
2nd period
0:01 of 2nd period - Eric Lindros wins face-off versus Brad Richards in neutral zone.
0:01 of 2nd period - Eric Lindros is hit by Kimmo Timonen.
0:07 of 2nd period - Wrist shot by Daniel Briere.
0:07 of 2nd period - Shot Blocked by Milan Lucic.
0:14 of 2nd period - Minor Penalty to Brad Richards for Cross-checking.
0:15 of 2nd period - Valtteri Filppula wins face-off versus Eric Lindros in Rangers zone.
0:25 of 2nd period - Slapshot by Zdeno Chara.
0:25 of 2nd period - Shot Blocked by Kimmo Timonen.
0:27 of 2nd period - Slapshot by Daniel Briere.
0:27 of 2nd period - Stopped by Henrik Lundqvist without a rebound.
0:28 of 2nd period - Valtteri Filppula wins face-off versus Eric Lindros in Rangers zone.
2:14 of 2nd period - Penalty to Brad Richards is over, Brad Richards is back on ice.
2:23 of 2nd period - Éric Perrin is hit by Patrice Bergeron and loses puck.
2:30 of 2nd period - Patrick Sharp is hit by Éric Perrin and loses puck.
2:41 of 2nd period - Matt Cooke is hit by Johan Franzen and loses puck.
3:31 of 2nd period - Michal Grosek is hit by Milan Lucic and loses puck.
3:47 of 2nd period - Minor Penalty to Wojtek Wolski for Interference.
3:48 of 2nd period - Brad Richards wins face-off versus Eric Lindros in Bruins zone.
4:17 of 2nd period - Slapshot by Cam Barker.
4:17 of 2nd period - Shot Misses the Net.
4:19 of 2nd period - Slapshot by Patrick Sharp.
4:19 of 2nd period - Shot Misses the Net.
4:21 of 2nd period - Snap shot by Patrice Bergeron.
4:21 of 2nd period - Stopped by Evgeni Nabokov without a rebound.
4:22 of 2nd period - Brad Richards wins face-off versus Eric Lindros in Bruins zone.
4:35 of 2nd period - Matt Cooke is hit by Milan Lucic and loses puck.
4:53 of 2nd period - Snap shot by Patrick Sharp.
4:53 of 2nd period - Stopped by Evgeni Nabokov without a rebound.
4:54 of 2nd period - Brad Richards wins face-off versus Michal Grosek in Bruins zone.
5:13 of 2nd period - Slapshot by Kimmo Timonen.
5:13 of 2nd period - Stopped by Evgeni Nabokov without a rebound.
5:14 of 2nd period - Patrice Bergeron wins face-off versus Matt Cooke in Bruins zone.
5:47 of 2nd period - Penalty to Wojtek Wolski is over, Wojtek Wolski is back on ice.
5:59 of 2nd period - Bryan Berard is hit by Victor Oreskovich.
6:53 of 2nd period - Slapshot by Johan Franzen.
6:53 of 2nd period - Stopped by Evgeni Nabokov without a rebound.
6:54 of 2nd period - Jeff Carter wins face-off versus Brad Richards in Bruins zone.
6:56 of 2nd period - Icing by Scott Hartnell.
6:57 of 2nd period - Brad Richards wins face-off versus Jeff Carter in Bruins zone.
7:06 of 2nd period - Slapshot by Brad Richards.
7:06 of 2nd period - Stopped by Evgeni Nabokov without a rebound.
7:07 of 2nd period - Johan Franzen wins face-off versus Eric Lindros in Bruins zone.
7:19 of 2nd period - Snap shot by Wojtek Wolski.
7:19 of 2nd period - Shot Blocked by Kimmo Timonen.
7:21 of 2nd period - Snap shot by Eric Lindros.
7:21 of 2nd period - Stopped by Henrik Lundqvist without a rebound.
7:22 of 2nd period - Eric Lindros wins face-off versus Patrice Bergeron in Rangers zone.
7:30 of 2nd period - Slapshot by Daniel Briere.
7:30 of 2nd period - Stopped by Henrik Lundqvist with a rebound.
7:32 of 2nd period - Slapshot by Daniel Briere.
7:32 of 2nd period - Stopped by Henrik Lundqvist with a rebound.
7:34 of 2nd period - Snap shot by Daniel Briere.
7:34 of 2nd period - Stopped by Henrik Lundqvist without a rebound.
7:35 of 2nd period - Eric Lindros wins face-off versus Brad Richards in Rangers zone.
7:50 of 2nd period - Wrist shot by Daniel Briere.
7:50 of 2nd period - Goal by Daniel Briere - Rangers : 0 - Bruins : 1.
7:51 of 2nd period - Eric Lindros wins face-off versus Brad Richards in neutral zone.
7:53 of 2nd period - Minor Penalty to Daniel Briere for Hooking.
7:54 of 2nd period - Brad Richards wins face-off versus Eric Lindros in Bruins zone.
7:59 of 2nd period - Slapshot by Milan Lucic.
7:59 of 2nd period - Stopped by Evgeni Nabokov with a rebound.
9:53 of 2nd period - Penalty to Daniel Briere is over, Daniel Briere is back on ice.
10:56 of 2nd period - Ryan O'Byrne is hit by Alexandre Burrows and loses puck.
11:44 of 2nd period - Snap shot by Matt Cooke.
11:44 of 2nd period - Goal by Matt Cooke - Rangers : 0 - Bruins : 2.
11:45 of 2nd period - Brad Richards wins face-off versus Eric Lindros in neutral zone.
12:10 of 2nd period - Eric Lindros is hit by Valtteri Filppula and loses puck.
12:17 of 2nd period - Snap shot by Alexandre Burrows.
12:17 of 2nd period - Shot Misses the Net.
12:43 of 2nd period - Snap shot by Wojtek Wolski.
12:43 of 2nd period - Shot Blocked by Drew Stafford.
12:45 of 2nd period - Wrist shot by Eric Lindros.
12:45 of 2nd period - Shot Misses the Net.
12:47 of 2nd period - Snap shot by Zdeno Chara.
12:47 of 2nd period - Stopped by Henrik Lundqvist with a rebound.
12:57 of 2nd period - Slapshot by Wojtek Wolski.
12:57 of 2nd period - Shot Blocked by Valtteri Filppula.
12:58 of 2nd period - Minor Penalty to Eric Lindros for Holding.
12:58 of 2nd period - Minor Penalty to Valtteri Filppula for Hooking.
12:59 of 2nd period - Vitali Yachmenev wins face-off versus Brad Richards in Rangers zone.
13:00 of 2nd period - Snap shot by Matt Cooke.
13:00 of 2nd period - Stopped by Henrik Lundqvist without a rebound.
13:01 of 2nd period - Brad Richards wins face-off versus Vitali Yachmenev in Rangers zone.
13:14 of 2nd period - Snap shot by Brad Richards.
13:14 of 2nd period - Stopped by Evgeni Nabokov with a rebound.
13:16 of 2nd period - Slapshot by Cam Barker.
13:16 of 2nd period - Stopped by Evgeni Nabokov without a rebound.
13:17 of 2nd period - Milan Lucic wins face-off versus Wojtek Wolski in Bruins zone.
13:20 of 2nd period - Snap shot by Milan Lucic.
13:20 of 2nd period - Goal by Milan Lucic - Rangers : 1 - Bruins : 2.
13:21 of 2nd period - Vitali Yachmenev wins face-off versus Brad Richards in neutral zone.
13:30 of 2nd period - Snap shot by Wojtek Wolski.
13:30 of 2nd period - Shot Blocked by Milan Lucic.
14:34 of 2nd period - Slapshot by Bryan Berard.
14:34 of 2nd period - Stopped by Evgeni Nabokov with a rebound.
14:36 of 2nd period - Snap shot by Drew Stafford.
14:36 of 2nd period - Deflect By Alexandre Burrows.
14:36 of 2nd period - Stopped by Evgeni Nabokov with a rebound.
14:58 of 2nd period - Penalty to Eric Lindros is over, Eric Lindros is back on ice.
14:58 of 2nd period - Penalty to Valtteri Filppula is over, Valtteri Filppula is back on ice.
14:58 of 2nd period - Brad Richards is hit by Eric Lindros and loses puck.
15:09 of 2nd period - Snap shot by Eric Lindros.
15:09 of 2nd period - Shot Blocked by Brad Richards.
15:53 of 2nd period - Wrist shot by Brad Richards.
15:53 of 2nd period - Stopped by Evgeni Nabokov with a rebound.
15:55 of 2nd period - Snap shot by Brad Richards.
15:55 of 2nd period - Shot Misses the Net.
16:27 of 2nd period - Ryan O'Byrne is hit by Milan Lucic and loses puck.
17:44 of 2nd period - Slapshot by Milan Lucic.
17:44 of 2nd period - Stopped by Evgeni Nabokov with a rebound.
17:46 of 2nd period - Snap shot by Milan Lucic.
17:46 of 2nd period - Stopped by Evgeni Nabokov with a rebound.
17:48 of 2nd period - Slapshot by Brent Seabrook.
17:48 of 2nd period - Stopped by Evgeni Nabokov without a rebound.
17:49 of 2nd period - Jeff Carter wins face-off versus Patrice Bergeron in Bruins zone.
18:57 of 2nd period - Éric Perrin is hit by Cam Barker and loses puck.
19:47 of 2nd period - Icing by Alexandre Burrows.
19:48 of 2nd period - Vitali Yachmenev wins face-off versus Alexandre Burrows in Rangers zone.
3rd period
0:01 of 3rd period - Eric Lindros wins face-off versus Brad Richards in neutral zone.
0:04 of 3rd period - Slapshot by Daniel Briere.
0:04 of 3rd period - Stopped by Henrik Lundqvist with a rebound.
0:06 of 3rd period - Slapshot by Eric Lindros.
0:06 of 3rd period - Deflect By Wojtek Wolski.
0:06 of 3rd period - Stopped by Henrik Lundqvist with a rebound.
0:08 of 3rd period - Wrist shot by Daniel Briere.
0:08 of 3rd period - Shot Misses the Net.
0:32 of 3rd period - Snap shot by Patrice Bergeron.
0:32 of 3rd period - Stopped by Evgeni Nabokov without a rebound.
0:33 of 3rd period - Patrice Bergeron wins face-off versus Jeff Carter in Bruins zone.
0:38 of 3rd period - Wrist shot by Dustin Brown.
0:38 of 3rd period - Shot Misses the Net.
0:46 of 3rd period - Snap shot by Victor Oreskovich.
0:46 of 3rd period - Shot Misses the Net.
0:48 of 3rd period - Slapshot by Christoph Schubert.
0:48 of 3rd period - Stopped by Henrik Lundqvist without a rebound.
0:49 of 3rd period - Brad Richards wins face-off versus Eric Lindros in Rangers zone.
0:58 of 3rd period - Slapshot by Eric Lindros.
0:58 of 3rd period - Stopped by Henrik Lundqvist without a rebound.
0:58 of 3rd period - Minor Penalty to Wojtek Wolski for Charging.
0:58 of 3rd period - Minor Penalty to Kimmo Timonen for Hooking.
0:59 of 3rd period - Vitali Yachmenev wins face-off versus Brad Richards in Rangers zone.
1:00 of 3rd period - Snap shot by Eric Lindros.
1:00 of 3rd period - Shot Misses the Net.
1:06 of 3rd period - Slapshot by Vitali Yachmenev.
1:06 of 3rd period - Goal by Vitali Yachmenev - Rangers : 1 - Bruins : 3.
1:07 of 3rd period - Brad Richards wins face-off versus Eric Lindros in neutral zone.
1:45 of 3rd period - Icing by Kyle McLaren.
1:46 of 3rd period - Brad Richards wins face-off versus Matt Cooke in Rangers zone.
2:30 of 3rd period - Vitali Yachmenev is hit by Brad Richards and loses puck.
2:45 of 3rd period - Andrew Alberts is hit by Johan Franzen and loses puck.
2:50 of 3rd period - Snap shot by Johan Franzen.
2:50 of 3rd period - Shot Misses the Net.
2:58 of 3rd period - Penalty to Wojtek Wolski is over, Wojtek Wolski is back on ice.
2:58 of 3rd period - Penalty to Kimmo Timonen is over, Kimmo Timonen is back on ice.
3:28 of 3rd period - Wrist shot by Wojtek Wolski.
3:28 of 3rd period - Stopped by Henrik Lundqvist with a rebound.
3:30 of 3rd period - Slapshot by Zdeno Chara.
3:30 of 3rd period - Shot Blocked by Bryan Berard.
3:32 of 3rd period - Snap shot by Wojtek Wolski.
3:32 of 3rd period - Stopped by Henrik Lundqvist with a rebound.
3:34 of 3rd period - Slapshot by Scott Hartnell.
3:34 of 3rd period - Shot Blocked by Bryan Berard.
3:50 of 3rd period - Wrist shot by Daniel Briere.
3:50 of 3rd period - Stopped by Henrik Lundqvist without a rebound.
3:51 of 3rd period - Dave Bolland wins face-off versus Patrice Bergeron in Rangers zone.
3:54 of 3rd period - Snap shot by Vitali Yachmenev.
3:54 of 3rd period - Shot Misses the Net.
4:07 of 3rd period - Minor Penalty to Dustin Brown for Roughing.
4:08 of 3rd period - Brad Richards wins face-off versus Wojtek Wolski in Rangers zone.
6:07 of 3rd period - Penalty to Dustin Brown is over, Dustin Brown is back on ice.
6:13 of 3rd period - Icing by Zdeno Chara.
6:14 of 3rd period - Patrice Bergeron wins face-off versus Matt Cooke in Bruins zone.
6:29 of 3rd period - Wrist shot by Patrice Bergeron.
6:29 of 3rd period - Shot Misses the Net.
6:49 of 3rd period - Backhand shot by Valtteri Filppula.
6:49 of 3rd period - Stopped by Evgeni Nabokov without a rebound.
6:50 of 3rd period - Brad Richards wins face-off versus Eric Lindros in Bruins zone.
6:51 of 3rd period - Wrist shot by Milan Lucic.
6:51 of 3rd period - Stopped by Evgeni Nabokov with a rebound.
6:53 of 3rd period - Wrist shot by Milan Lucic.
6:53 of 3rd period - Stopped by Evgeni Nabokov without a rebound.
6:54 of 3rd period - Eric Lindros wins face-off versus Brad Richards in Bruins zone.
7:12 of 3rd period - Icing by Ryan O'Byrne.
7:13 of 3rd period - Patrice Bergeron wins face-off versus Eric Lindros in Bruins zone.
7:20 of 3rd period - Daniel Briere is hit by Dustin Brown and loses puck.
7:56 of 3rd period - Minor Penalty to Matt Cooke for Holding.
7:56 of 3rd period - Minor Penalty to Valtteri Filppula for Roughing.
7:57 of 3rd period - Brad Richards wins face-off versus Eric Lindros in neutral zone.
8:06 of 3rd period - Snap shot by Milan Lucic.
8:06 of 3rd period - Stopped by Evgeni Nabokov without a rebound.
8:07 of 3rd period - Eric Lindros wins face-off versus Brad Richards in Bruins zone.
8:07 of 3rd period - Eric Lindros is hit by Cam Barker.
8:19 of 3rd period - Wrist shot by Eric Lindros.
8:19 of 3rd period - Shot Blocked by Cam Barker.
8:27 of 3rd period - Slapshot by Milan Lucic.
8:27 of 3rd period - Goal by Milan Lucic - Rangers : 2 - Bruins : 3.
8:28 of 3rd period - Brad Richards wins face-off versus Wojtek Wolski in neutral zone.
8:44 of 3rd period - Snap shot by Eric Lindros.
8:44 of 3rd period - Stopped by Henrik Lundqvist with a rebound.
8:58 of 3rd period - Slapshot by Scott Hartnell.
8:58 of 3rd period - Goal by Scott Hartnell - Rangers : 2 - Bruins : 4.
8:59 of 3rd period - Eric Lindros wins face-off versus Milan Lucic in neutral zone.
9:08 of 3rd period - Wrist shot by Wojtek Wolski.
9:08 of 3rd period - Goal by Wojtek Wolski - Rangers : 2 - Bruins : 5.
9:09 of 3rd period - Wojtek Wolski wins face-off versus Milan Lucic in neutral zone.
9:56 of 3rd period - Penalty to Matt Cooke is over, Matt Cooke is back on ice.
9:56 of 3rd period - Penalty to Valtteri Filppula is over, Valtteri Filppula is back on ice.
10:09 of 3rd period - Wrist shot by Jaroslav Balastik.
10:09 of 3rd period - Shot Misses the Net.
10:31 of 3rd period - Patrick Sharp is hit by Jeff Carter and loses puck.
11:28 of 3rd period - Byron Ritchie is hit by Jeff Carter and loses puck.
11:35 of 3rd period - Backhand shot by Brent Seabrook.
11:35 of 3rd period - Stopped by Evgeni Nabokov without a rebound.
11:36 of 3rd period - Patrice Bergeron wins face-off versus Éric Perrin in Bruins zone.
11:54 of 3rd period - Minor Penalty to Patrick Sharp for Hooking.
11:55 of 3rd period - Eric Lindros wins face-off versus Brad Richards in Rangers zone.
13:14 of 3rd period - Snap shot by Kimmo Timonen.
13:14 of 3rd period - Stopped by Evgeni Nabokov with a rebound.
13:54 of 3rd period - Penalty to Patrick Sharp is over, Patrick Sharp is back on ice.
14:23 of 3rd period - Wrist shot by Dustin Brown.
14:23 of 3rd period - Deflect By Patrick Sharp.
14:23 of 3rd period - Shot Misses the Net.
14:23 of 3rd period - Puck is out of play.
14:24 of 3rd period - Patrice Bergeron wins face-off versus Vitali Yachmenev in Bruins zone.
14:25 of 3rd period - Backhand shot by Dustin Brown.
14:25 of 3rd period - Goal by Dustin Brown - Rangers : 3 - Bruins : 5.
14:26 of 3rd period - Brad Richards wins face-off versus Eric Lindros in neutral zone.
14:53 of 3rd period - Drew Stafford is hit by Jeff Carter and loses puck.
15:12 of 3rd period - Wrist shot by Éric Perrin.
15:12 of 3rd period - Shot Blocked by Bryan Berard.
15:20 of 3rd period - Double Minor Penalty to Michal Grosek for High sticking.
15:21 of 3rd period - Eric Lindros wins face-off versus Brad Richards in Bruins zone.
16:58 of 3rd period - Icing by Brent Seabrook.
16:59 of 3rd period - Patrice Bergeron wins face-off versus Eric Lindros in Rangers zone.
18:47 of 3rd period - Mark Stuart is hit by Matt Read and loses puck.
19:20 of 3rd period - Penalty to Michal Grosek is over, Michal Grosek is back on ice.
19:29 of 3rd period - Cam Barker is hit by Michal Grosek and loses puck.
Output by the SimonT Hockey Simulator (STHS) for François Prévost -- Original Page W3C XHTML 1.0 Valid